 Dungeon Crawl Stone Soup version 0.18.1-50-g88ac8fd (webtiles) character file.

10082 magog001 the Cruncher (level 11, -1/99 HPs)
             Began as a Minotaur Fighter on Jan 25, 2017.
             Was a Believer of Nemelex Xobeh.
             Slain by an orc warrior
             ... wielding a +0 war axe
              (12 damage)
             ... in a bailey.
             The game lasted 01:22:11 (10845 turns).

magog001 the Cruncher (Minotaur Fighter)           Turns: 10845, Time: 01:22:12

Health: -1/99      AC: 10    Str: 30    XL:     11   Next: 31%
Magic:  11/11      EV: 17    Int:  3    God:    Nemelex Xobeh [**....]
Gold:   174        SH:  0    Dex: 13    Spells: 0 memorised, 10 levels left

rFire  . . .     SeeInvis .     x - +6 quarterstaff
rCold  . . .     Gourm    .     e - +4 ring mail
rNeg   + . .     Faith    .     (shield currently unavailable)
rPois  .         Spirit   .     (helmet restricted)
rElec  .         Dismiss  +     (no cloak)
rCorr  .         Reflect  .     l - +0 pair of gloves
SustAt .         Harm     .     (no boots)
MR     .....                    G - amulet of dismissal
Stlth  +.........               q - +4 ring of dexterity
                                h - ring of positive energy

@: mighty, exhausted, slowed, very slow, not resistant to hostile enchantments,
very unstealthy
A: retaliatory headbutt, horns 2, repulsion field 1, deformed body, dopey 1
a: Renounce Religion


You were in a bailey.
You worshipped Nemelex Xobeh.
Nemelex Xobeh was pleased with you.
You were not hungry.

You visited 1 branch of the dungeon, and saw 10 of its levels.
You also visited: Bailey.

You collected 555 gold pieces.
You spent 381 gold pieces at shops.

Inventory:

Hand Weapons
 x - a +6 quarterstaff (weapon)
 L - a +3 triple crossbow of velocity
Missiles
 t - 9 tomahawks (quivered)
 M - 14 bolts
Armour
 b - a +3 scale mail
 c - a +0 shield
 e - a +4 ring mail (worn)
 l - a +0 pair of gloves (worn)
 O - a cursed +0 leather armour
Jewellery
 h - a ring of positive energy (left hand)
 q - a +4 ring of dexterity (right hand)
 G - an amulet of dismissal (around neck)
Wands
 s - a wand of iceblast (0/15)
 y - a wand of random effects (23/48)
 z - a wand of lightning (0/15)
 J - a wand of lightning (2/15)
Scrolls
 d - a scroll of blinking
 g - 3 scrolls of teleportation
 k - a scroll of magic mapping
 u - 2 scrolls of fog
 v - 2 scrolls of fear
 w - a scroll of recharging
 B - 3 scrolls of remove curse
 D - a scroll of acquirement {unknown}
 H - a scroll of silence {unknown}
Potions
 a - a potion of lignification
 n - 2 potions of resistance
 p - a potion of ambrosia {unknown}
 r - a potion of flight {unknown}
 A - a potion of brilliance
 C - a potion of cure mutation {unknown}
 E - 2 potions of might
 I - a potion of berserk rage
 P - a potion of experience {unknown}
 Q - a potion of beneficial mutation {unknown}
 R - 2 potions of magic {unknown}
Miscellaneous
 j - a plain deck of escape
 F - a plain deck of war
Comestibles
 f - 12 bread rations
 m - 8 slices of pizza
 o - 5 meat rations
 K - 5 fruits
 N - 9 chunks of flesh


   Skills:
 * Level 10.0 Fighting
   Level 5.1 Axes
 * Level 10.7 Staves
 + Level 0.4 Crossbows
 + Level 0.6 Throwing
 + Level 10.4 Armour
 + Level 8.4 Dodging
 + Level 2.2 Stealth
 + Level 6.8 Shields
 + Level 1.3 Evocations


You had 10 spell levels left.
You didn't know any spells.

Dungeon Overview and Level Annotations

Branches:
Dungeon (10/15)            Temple (0/1) D:7            Lair (0/8) D:10
    Orc (0/2) D:10

Altars:
Ashenzari
Dithmenos
Nemelex Xobeh
Pakellas

Shops:
D:5 !   D:9 (


Innate Abilities, Weirdness & Mutations

You reflexively headbutt those who attack you in melee.
You have a pair of horns on your head.
You are surrounded by a mild repulsion field (EV +2).
Armour fits poorly on your strangely shaped body.
You are dopey. (Int -2)


Message History

The orc warrior hits you with a war axe.
* * * LOW HITPOINT WARNING * * *
You barely miss the orc warrior. Your headbutt misses the orc warrior.
The orc warrior is moderately wounded.
The orc warrior hits you with a war axe.
* * * LOW HITPOINT WARNING * * *
Drink which item? (? for menu, Esc to quit)
You feel very mighty all of a sudden.
The orc warrior hits you with a war axe!
* * * LOW HITPOINT WARNING * * *
The orc warrior completely misses you. You furiously retaliate!
You headbutt the orc warrior, but do no damage.
Some of the chunks of flesh in your inventory have rotted away.
Drink which item? (? for menu, Esc to quit)
You feel better.
The orc warrior hits you but does no damage.
The orc warrior closely misses you.
The orc warrior hits you with a war axe!
You die...
Your body glows slightly and disappears.

### ## ###.### ##.###
###.....### ###.....#
##.........###........
#...........#.......(.
#.........)))))....(..
#.....⌠...))#@o)(.⌠...
#...........#.o)..)...
#...........#..(.).)).
###.))......###........
###.#)#.....###
###.....# #.))))###.###
##.### ..).)...### ##
).).)....# .)).)....#


You could see 2 orc warriors.

Vanquished Creatures
  Gastronok (D:9)
  Erolcha (D:8)
  Pikel (D:6)
  The ghost of ololoev the Thaumaturge, a novice DEEE (Bailey)
  A gargoyle (D:8)
  A troll (D:9)
  Grinder (D:4)
  Prince Ribbit (D:5)
  A two-headed ogre (D:9)
  A spriggan (D:8)
  Sigmund (D:5)
  Eustachio (D:6)
  A hippogriff (D:7)
  A hungry ghost (D:9)
  Menkaure (D:6)
  Duvessa (D:6)
  13 orc warriors
  2 sky beasts
  A phantom (D:9)
  3 ogres
  6 centaurs
  Blork the orc (D:5)
  2 giant frogs
  Dowan (D:6)
  2 scorpions
  19 killer bees
  A water moccasin skeleton (D:9)
  4 wights (D:8)
  3 howler monkeys
  6 crimson imps
  3 hounds
  A giant frog zombie (D:9)
  8 orc wizards
  3 orc priests
  2 iguanas (D:8)
  10 worker ants
  A howler monkey zombie (D:5)
  19 gnolls
  8 adders
  4 shadow imps
  2 oozes
  3 adder skeletons
  An adder zombie (D:7)
  A worm (D:3)
  2 dart slugs
  4 giant geckos
  43 orcs
  A ball python (D:6)
  4 giant cockroaches
  29 goblins
  17 hobgoblins
  8 jackals
  3 quokkas
  8 bats
  3 giant newts
  A jackal zombie (D:5)
  8 kobolds
  A quokka skeleton (D:7)
  3 rats
281 creatures vanquished.

Vanquished Creatures (others)
  A fire dragon (D:9)
  A worker ant (D:6)
  An adder (D:6)
  An orc (D:6)
4 creatures vanquished.

Grand Total: 285 creatures vanquished

Notes
Turn   | Place    | Note
--------------------------------------------------------------
     0 | D:1      | magog001 the Minotaur Fighter began the quest for the Orb.
     0 | D:1      | Reached XP level 1. HP: 19/19 MP: 0/0
   427 | D:1      | Reached XP level 2. HP: 26/27 MP: 1/1
   653 | D:1      | Reached skill level 1 in Dodging
   993 | D:2      | Reached XP level 3. HP: 30/33 MP: 2/2
  1084 | D:2      | Found a shadowy altar of Dithmenos.
  1583 | D:2      | Reached XP level 4. HP: 40/40 MP: 3/3
  2515 | D:4      | Reached XP level 5. HP: 46/46 MP: 4/4
  2902 | D:4      | Reached skill level 5 in Shields
  2905 | D:4      | Reached skill level 5 in Armour
  3056 | D:4      | Noticed a sky beast
  3069 | D:4      | Killed a sky beast
  3069 | D:4      | Reached XP level 6. HP: 27/53 MP: 5/5
  3289 | D:4      | Noticed Grinder
  3291 | D:4      | Paralysed by Grinder for 4 turns
  3305 | D:4      | Paralysed by Grinder for 3 turns
  3311 | D:4      | Paralysed by Grinder for 7 turns
  3323 | D:4      | Killed Grinder
  3323 | D:4      | Reached skill level 5 in Fighting
  3671 | D:4      | Reached XP level 7. HP: 46/61 MP: 6/6
  3982 | D:5      | Entered Level 5 of the Dungeon
  4163 | D:5      | Found Seskonee's Distillery.
  4208 | D:5      | Noticed Blork the orc
  4213 | D:5      | Killed Blork the orc
  4213 | D:5      | Reached skill level 1 in Stealth
  4248 | D:5      | Bought a potion of heal wounds for 55 gold pieces
  4248 | D:5      | Bought a potion of curing for 33 gold pieces
  4248 | D:5      | Bought a potion of curing for 33 gold pieces
  4394 | D:5      | Noticed Sigmund
  4412 | D:5      | Killed Sigmund
  4416 | D:5      | Reached skill level 1 in Staves
  4451 | D:5      | Noticed Prince Ribbit
  4478 | D:5      | Killed Prince Ribbit
  4478 | D:5      | Reached XP level 8. HP: 46/69 MP: 7/7
  4716 | D:5      | Reached skill level 5 in Axes
  5420 | D:6      | Noticed Duvessa
  5420 | D:6      | Noticed Dowan
  5435 | D:6      | Killed Duvessa
  5443 | D:6      | Killed Dowan
  5613 | D:6      | Noticed Eustachio
  5618 | D:6      | Noticed Pikel
  5622 | D:6      | Killed Eustachio
  5631 | D:6      | Killed Pikel
  5631 | D:6      | Reached skill level 5 in Dodging
  5631 | D:6      | Reached XP level 9. HP: 54/78 MP: 8/8
  5977 | D:6      | Noticed Menkaure
  5984 | D:6      | Killed Menkaure
  5984 | D:6      | Reached skill level 5 in Staves
  6155 | D:6      | Found a sparkling altar of Nemelex Xobeh.
  6163 | D:6      | Became a worshipper of Nemelex Xobeh the Trickster
  6970 | D:7      | Received a gift from Nemelex Xobeh
  7057 | D:7      | Found a staircase to the Ecumenical Temple.
  8193 | D:8      | Reached XP level 10. HP: 82/88 MP: 9/9
  8233 | D:8      | Reached * piety under Nemelex Xobeh
  8316 | D:8      | Found a shattered altar of Ashenzari.
  8378 | D:8      | Noticed a gargoyle
  8393 | D:8      | Killed a gargoyle
  8580 | D:8      | Noticed Erolcha
  8590 | D:8      | Killed Erolcha
  8791 | D:8      | Gained mutation: Armour fits poorly on your strangely shaped body. [mutagenic meat]
  8792 | D:8      | Gained mutation: You are surrounded by a mild repulsion field (EV +2). [mutagenic meat]
  8793 | D:8      | Gained mutation: You are dopey. (Int -2) [mutagenic meat]
  8891 | D:8      | Reached skill level 1 in Evocations
  9490 | D:9      | Received a gift from Nemelex Xobeh
  9557 | D:9      | Noticed Gastronok
  9573 | D:9      | Killed Gastronok
  9573 | D:9      | Reached skill level 10 in Staves
  9573 | D:9      | Reached skill level 10 in Armour
  9573 | D:9      | Reached XP level 11. HP: 71/97 MP: 10/10
  9814 | D:9      | Reached ** piety under Nemelex Xobeh
  9872 | D:9      | Found Doluutywn's Antique Weapon Shoppe.
  9880 | D:9      | Bought a runed triple crossbow for 260 gold pieces
 10036 | D:9      | Found an oddly glowing altar of Pakellas.
 10036 | D:9      | Noticed a fire dragon
 10049 | D:9      | Killed a fire dragon
 10468 | D:10     | Entered Level 10 of the Dungeon
 10492 | D:10     | Found a flagged portal.
 10512 | Bailey   | Entered a bailey
 10523 | Bailey   | Noticed ololoev's ghost (novice DEEE)
 10529 | Bailey   | Killed ololoev's ghost
 10791 | Bailey   | Reached skill level 10 in Fighting
 10794 | Bailey   | Noticed an orc warlord
 10844 | Bailey   | HP: 2/99 [orc warrior/war axe (12)]
 10845 | Bailey   | Slain by an orc warrior

Skill      XL: |  1  2  3  4  5  6  7  8  9 10 11 |
---------------+----------------------------------+-----
Shields        | 4 5 6 |  6.8
Dodging        | 1 2 4 5 6 8 |  8.4
Armour         | 4 5 7 8 9 10 | 10.4
Fighting       | 4 5 6 7 9 10 | 10.0
Axes           | 3 4 5 |  5.1
Stealth        | 1 2 |  2.2
Staves         | 1 4 7 10 | 10.7
Evocations     | 1 |  1.3
Crossbows      | |  0.4
Throwing       | |  0.6

Action                   |  1- 3 |  4- 6 |  7- 9 | 10-12 || total
-------------------------+-------+-------+-------+-------++-------
Melee: War axe           |    82 |   128 |       |       ||   210
       Headbutt          |    15 |    24 |    50 |    49 ||   138
       Quarterstaff      |       |       |   237 |   195 ||   432
 Fire: Triple crossbow   |       |       |       |    24 ||    24
Throw: Tomahawk          |       |       |     2 |     4 ||     6
Evoke: Wand              |       |       |       |    29 ||    29
  Use: Potion            |       |     5 |     4 |     3 ||    12
       Scroll            |       |       |    17 |     8 ||    25
  Eat: Chunk             |     2 |     4 |     6 |     5 ||    17
       Beef jerky        |       |     1 |       |       ||     1
       Meat ration       |       |     1 |       |     1 ||     2
       Pizza             |       |       |     2 |       ||     2
       Bread ration      |       |       |     1 |       ||     1
Armor: Scale mail        |    28 |    44 |    98 |    22 ||   192
       Skin              |       |     6 |       |     1 ||     7
       Ring mail         |       |       |       |     1 ||     1
Dodge: Dodged            |    32 |    43 |   154 |   146 ||   375
Block: Shield            |    44 |    72 |       |       ||   116
